 Dungeon Crawl Stone Soup version 0.31.0-11-ge490571c62 (webtiles) character file.

Game seed: 15763892998076093803

100 Rin the Caller (level 4, 0/24 HPs)
             Began as a Deep Elf Summoner on Feb 3, 2024.
             Succumbed to an adder's poison
             ... on level 2 of the Dungeon.
             The game lasted 00:10:16 (1027 turns).

Rin the Caller (Deep Elf Summoner)                  Turns: 1027, Time: 00:10:17

Health: 0/24       AC:  2    Str:  5    XL:     4   Next: 46%
Magic:  11/11      EV: 13    Int: 22    God:
Gold:   127        SH:  0    Dex: 15    Spells: 3/9 levels left

rFire   . . .        c - +0 dagger
rCold   . . .        (no shield)
rNeg    . . .        a - +0 robe
rPois   .            (no helmet)
rElec   .            (no cloak)
rCorr   .            (no gloves)
SInv    +            (no boots)
Will    .....        (no amulet)
Stlth   ++           g - ring of see invisible
HPRegen 0.24/turn    (no ring)
MPRegen 0.12/turn

%: no passive effects
@: lethally poisoned (0 -> -1)
A: no striking features
a: no special abilities


You were on level 2 of the Dungeon.
You visited 1 branch of the dungeon, and saw 2 of its levels.

You collected 127 gold pieces.

Inventory:

Hand Weapons
 c - a +0 dagger (weapon)
Armour
 a - a +0 robe (worn)
Jewellery
 g - a ring of see invisible (left hand)
Scrolls
 d - a scroll of amnesia {unknown}
 f - a scroll of teleportation
Potions
 b - 2 potions of magic


   Skills:
 + Level 1.6 Ranged Weapons
 + Level 3.1 Dodging
 - Level 3.0 Stealth
 + Level 3.4 Spellcasting
 + Level 1.5 Hexes
 * Level 5.1 Summonings
 + Level 1.3 Evocations


You had 3 spell levels left.
You knew the following spells:

 Your Spells              Type           Power      Damage    Failure   Level
a - Summon Small Mammal   Summ           100%       N/A       1%          1
b - Call Canine Familiar  Summ           26%        N/A       4%          3
c - Call Imp              Summ           52%        N/A       2%          2

Your spell library contained the following spells:

 Spells                   Type           Power      Damage    Failure   Level
 Summon Blazeheart Golem  Fire/Summ      15%        N/A       38%         4
 Summon Lightning Spire   Summ/Air       15%        N/A       38%         4


Dungeon Overview and Level Annotations

Branches:
Dungeon (2/15)

Altars:

Shops:
D:1 (


Message History

The adder bites you but does no damage.
Your quokka completely misses the adder.
Your rat closely misses the adder.
You barely miss the adder.
The adder is lightly wounded.
The adder bites you.
You are poisoned.
The adder poisons you!
Your quokka bites the adder.
The adder bites you.
You are more poisoned.
The adder poisons you!
Your rat misses the adder. You barely miss the adder. You punch the adder.
The adder is heavily wounded.
You feel very sick.
Your quokka misses the adder. The adder barely misses you.
Your quokka bites the adder but does no damage.
Your rat bites the adder.
You completely miss the adder.
The adder is severely wounded.
You feel sick. The adder bites you.
* * * LOW HITPOINT WARNING * * *
Your quokka completely misses the adder.
Your rat bites the adder.
You hit the adder.
You kill the adder!
* * * LOW HITPOINT WARNING * * *
You feel sick.
You swap places.
* * * LOW HITPOINT WARNING * * *
You feel sick.
* * * LOW HITPOINT WARNING * * *
You feel sick.
* * * LOW HITPOINT WARNING * * *
You feel sick.
Found 2 poisoned darts.
* * * LOW HITPOINT WARNING * * *
You feel sick.
Found a spear.
* * * LOW HITPOINT WARNING * * *
You feel sick.
You die...

#.......#.#
#.......#.#
########..#
#.## #.#
####.#
#.r..#
##r####
#@.#
........##
.)####...
#....
......
##......
#.(....#
#......#


You could see a friendly quokka (summoned) and a friendly rat (summoned).

Vanquished Creatures
  An adder (D:2)
  A dart slug (D:2)
  An endoplasm (D:1)
  A goblin (D:1)
  2 kobolds (D:1)
  A ball python (D:2)
  A frilled lizard (D:1)
  A rat (D:2)
9 creatures vanquished.

Vanquished Creatures (collateral kills)
  5 adders (D:2)
  A dart slug (D:1)
  A ribbon worm (D:2)
  2 endoplasms
  A giant cockroach (D:1)
  2 goblins (D:1)
  3 hobgoblins
  2 jackals (D:1)
  4 kobolds
  2 quokkas
  3 ball pythons
  3 bats (D:2)
  5 rats
34 creatures vanquished.

Grand Total: 43 creatures vanquished

Notes
Turn   | Place    | Note
-------+----------+-------------------------------------------
     0 | D:1      | Rin the Deep Elf Summoner began the quest for the Orb.
     0 | D:1      | Reached XP level 1. HP: 10/10 MP: 6/6
    85 | D:1      | Reached XP level 2. HP: 8/15 MP: 5/8
   188 | D:1      | Found Cogaqukauf's Antique Weapon Shoppe.
   676 | D:2      | Reached XP level 3. HP: 8/19 MP: 2/9
   680 | D:2      | Learned a level 3 spell: Call Canine Familiar
   683 | D:2      | Learned a level 2 spell: Call Imp
   684 | D:2      | Reached skill level 1 in Ranged Weapons
   684 | D:2      | Reached skill level 1 in Hexes
   699 | D:2      | Reached skill level 1 in Evocations
   797 | D:2      | Reached skill level 5 in Summonings
   802 | D:2      | Reached XP level 4. HP: 20/24 MP: 0/11
  1026 | D:2      | HP: 1/24 [poisoned by an adder]
  1027 | D:2      | Succumbed to an adder's poison

Illustrated notes

Levels and vault maps discovered:
D:1:      eino_arrival_druids_welcome, layout_rooms, serial_shops,
          shop_fountains
D:2:      minmay_recursive_quarters, layout_basic, shapermc_ecumenical_altar_gd

Skill      XL: |  1  2  3 |
---------------+----------+-----
Ranged Weapons | 1 |  1.6
Hexes          | 1 |  1.5
Stealth        | 3 |  3.0
Evocations     | 1 |  1.3
Dodging        | 3 |  3.1
Summonings     | 5 |  5.1
Spellcasting   | |  3.4

Action                     |  1- 3 |  4- 6 || total
---------------------------+-------+-------++-------
  Melee: Dagger            |    50 |     9 ||    59
         Punch             |       |     1 ||     1
   Cast: Summon Small Mamm |    38 |     6 ||    44
         Call Imp          |     2 |     1 ||     3
         Call Canine Famil |     1 |       ||     1
    Use: Scroll            |     3 |       ||     3
   Stab: Distracted        |       |     1 ||     1
 Armour: Robe              |    29 |     7 ||    36
  Dodge: Dodged            |    42 |     3 ||    45
